 Dungeon Crawl Stone Soup version 0.26.1-11-gd32895ea62 (webtiles) character file.

Game seed: 13548986919894839197

41 Zeld the Slasher (level 3, 0/27 HPs)
             Began as a Human Gladiator on June 4, 2021.
             Succumbed to an adder's poison
             ... on level 2 of the Dungeon.
             The game lasted 00:04:05 (1390 turns).

Zeld the Slasher (Human Gladiator)                  Turns: 1390, Time: 00:04:06

Health: 0/27       AC:  8    Str: 15    XL:     3   Next: 75%
Magic:  3/3        EV: 13    Int:  8    God:
Gold:   57         SH:  0    Dex: 14    Spells: 2/2 levels left

rFire    . . .     SeeInvis .   a - +0 long sword
rCold    . . .     Faith    .   (no shield)
rNeg     . . .     Spirit   .   b - +0 leather armour
rPois    .         Reflect  .   c - +0 helmet
rElec    .         Harm     .   (no cloak)
rCorr    .         Rampage  .   (no gloves)
Will     .....                  (no boots)
Stlth    +.........             (no amulet)
HPRegen  0.09/turn              (no ring)
MPRegen  0.08/turn              h - +4 ring of protection

@: lethally poisoned (0 -> -3)
A: no striking features
a: no special abilities


You were on level 2 of the Dungeon.
You visited 1 branch of the dungeon, and saw 2 of its levels.

You collected 57 gold pieces.

Inventory:

Hand Weapons
 a - a +0 long sword (weapon)
Missiles
 d - 3 throwing nets
 j - 22 poisoned darts (quivered)
Armour
 b - a +0 leather armour (worn)
 c - a +0 helmet (worn)
Jewellery
 h - a +4 ring of protection (right hand)
Scrolls
 p - a scroll of enchant weapon
Potions
 e - 2 potions of curing {unknown}
 f - a potion of magic {unknown}
 g - 2 potions of resistance {unknown}
 i - a potion of degeneration {unknown}
 n - a potion of berserk rage {unknown}
 o - a potion of brilliance {unknown}
 r - a potion of might {unknown}
 s - a potion of heal wounds {unknown}


   Skills:
 - Level 2.0 Fighting
 * Level 4.4 Long Blades
 - Level 2.0 Throwing
 - Level 3.0 Dodging


You had 2 spell levels left.
You didn't know any spells.
Your spell library was empty.

Dungeon Overview and Level Annotations

Branches:
Dungeon (2/15)

Altars:


Message History

p - a scroll of enchant weapon Oops, that ring feels deathly cold.
q - a cursed -4 ring of evasion (left hand)
h - a +4 ring of protection (right hand)
* * * LOW HITPOINT WARNING * * *
You feel sick.
As you read the scroll of remove curse, it crumbles to dust.
You feel as if something is helping you.
Drop what? 17/52 slots (_ for help) (? for menu, Esc to quit)
Autopickup disabled for 2 items.
You drop a scroll of random uselessness.
You remove your -4 ring of evasion.
* * * LOW HITPOINT WARNING * * *
You feel sick.
You drop a -4 ring of evasion.
There is a lethal amount of poison in your body!
There is a lethal amount of poison in your body!
* * * LOW HITPOINT WARNING * * *
You feel sick.
You die...

.# ..## ####...### #....#... #
# #..#...##.# #. .......... #..
#..#.#.#.# #.######........#
#.......#@#.#.#.# ###
########........# #.#
#..#.#.#.# #.# #........# #.#
###=...###.. #.# ###
#####...#### #.####.####
#.#..<#...#.#########..........
#.#...#...#.# #...#...###.....
#.....#.#.#.####.#.#....##.....


There were no monsters in sight!

Vanquished Creatures
  An adder (D:2)
  2 dart slugs (D:1)
  A leopard gecko (D:1)
  3 bats (D:1)
  3 goblins
  3 hobgoblins (D:1)
  4 jackals (D:2)
  2 frilled lizards (D:1)
  2 kobolds
  5 rats
26 creatures vanquished.

Notes
Turn   | Place    | Note
-------+----------+-------------------------------------------
     0 | D:1      | Zeld the Human Gladiator began the quest for the Orb.
     0 | D:1      | Reached XP level 1. HP: 16/16 MP: 1/1
   536 | D:1      | Reached XP level 2. HP: 22/22 MP: 2/2
   819 | D:1      | Reached skill level 4 in Long Blades
   819 | D:1      | Reached XP level 3. HP: 27/27 MP: 3/3
  1383 | D:2      | HP: 1/27 [poisoned by an adder]
  1390 | D:2      | Succumbed to an adder's poison

Illustrated notes

Levels and vault maps discovered:
D:1:      wander_arrival_estate, layout_loops_corners, minmay_small_reverse_x
D:2:      layout_loops_ring, serial_co_window_serial, co_window_paths_a,
          co_window_corner_a, co_window_corner_a, co_window_of_opportunity_a,
          co_window_of_opportunity_a, co_window_paths_a, co_window_paths_a,
          co_window_2corner, co_window_cross_3, co_window_paths_c,
          co_window_broadway_a, co_window_broadway_c, co_window_cross_3,
          co_window_corner_b, glass_columns_b, glass_columns_b, glass_columns_a,
          glass_columns_c, glass_columns_b, small_statue_intersection

Skill      XL: |  1  2 |
---------------+-------+-----
Long Blades    | 4 |  4.4
Fighting       | |  2.0
Throwing       | |  2.0
Dodging        | |  3.0

Action                   || total
-------------------------++-------
Melee: Long sword        ||    66
  Use: Scroll            ||     4
 Stab: Sleeping          ||     1
Armor: Leather armour    ||    23
Dodge: Dodged            ||    65
       Rpst.: Long sword ||    19
